Map: Frost LE

Players

Spuderman - Winner!

  • Race: Terran Terran
  • League: Gold

Nickos

  • Race: Terran Terran
  • League: Gold

VOD

Have the link to the VOD?

Description

Time

  • Played on: Oct. 1, 2016, 3:55 a.m.
  • Length: 14:18
Show
View Real Time Build Order
Export as new Build Order

Spuderman Terran - Winner!

Build Orders: MMM Bio 

Get SALT Encoding   

  12  0:02  SCV  
  13  0:14  SCV  
  14  0:17  Supply Depot  
  14  0:26  SCV  
  15  0:39  SCV  
  15  0:40  Barracks  
  16  0:45  Refinery  
  16  0:53  SCV  
  17  1:05  SCV  
  18  1:13  Barracks  
  18  1:17  SCV  
  19  1:28  Supply Depot  
  19  1:29  SCV  
  19  1:31  Reaper  
  21  1:42  Orbital Command  
  21  1:45  Refinery  
  21  2:00  Reaper  
  22  2:19  Reaper  
  23  2:36  Command Center  
  23  2:41  Reaper  
  23  2:44  SCV  
  25  2:54  Factory  
  25  2:59  Marine  
  26  3:12  SCV  
  27  3:13  Marine  
  28  3:32  Barracks Tech Lab  
  28  3:37  Factory Tech Lab  
  28  3:38  Barracks  
  28  3:39  Barracks Reactor  
  27  4:12  Marine  
  27  4:13  Siege Tank  
  31  4:30  Marauder  
  33  4:36  Marine  
  33  4:37  Marine  
  35  4:52  Marauder  
  37  4:53  Orbital Command  
  37  4:56  Stimpack  
  37  4:57  Barracks Reactor  
  37  4:58  Command Center, Barracks  
  37  4:59  Starport  
  37  5:13  Marauder  
  39  5:14  Siege Tank  
  42  5:50  Starport Reactor  
  42  5:59  Barracks Reactor  
  42  6:01  Orbital Command, Siege Tank  
  45  6:07  SCV  
  45  6:08  Engineering Bay  
  46  6:19  SCV  
  47  6:31  SCV  
  47  6:33  Siege Tank  
  47  6:39  Orbital Command  
  50  6:40  Medivac x2  
  50  6:42  Marine x3  
  50  6:44  SCV  
  50  6:45  SCV  
  59  6:53  Marine  
  60  6:57  Missile Turret, SCV  
  60  7:01  Missile Turret  
  61  7:02  Orbital Command  
  61  7:06  Missile Turret  
  61  7:13  Supply Depot x2  
  61  7:21  Terran Infantry Weapons Level 1  
  61  7:34  SCV x2, Marine x2  
  61  7:35  Missile Turret, Supply Depot  
  61  7:36  Refinery  
  65  7:37  Refinery  
  65  7:38  Siege Tank  
  65  7:39  Medivac  
  70  7:47  Supply Depot  
  70  7:49  Marine x2  
  72  7:52  Engineering Bay  
  72  7:55  Combat Shields  
  72  8:05  SCV x2  
  74  8:16  Medivac  
  74  8:17  SCV x2  
  78  8:25  Medivac  
  80  8:29  SCV  
  80  8:30  SCV  
  82  8:34  SCV  
  83  8:41  SCV  
  83  8:42  SCV  
  83  8:46  SCV  
  86  8:54  Medivac, Marine, SCV x2  
  86  8:55  Medivac  
  93  9:06  Supply Depot  
  93  9:09  Supply Depot  
  93  9:12  Barracks  
  93  9:13  Marine  
  93  9:14  SCV  
  93  9:27  Marine  
  93  9:28  SCV x3  
  97  9:38  Marauder, Marine x3  
  102  9:39  Siege Tank  
  102  9:40  SCV x2  
  107  9:47  Marine  
  107  9:48  Marine  
  107  9:49  Bunker, Factory  
  107  9:52  Supply Depot  
  109  9:53  Terran Infantry Armor Level 1, Marine  
  109  9:55  Marine  
  109  9:56  Armory, Marine  
  109  9:58  Marine  
  115  10:00  Marauder  
  115  10:05  Marine x2  
  117  10:13  Marine x3  
  120  10:16  Marine  
  120  10:21  Barracks Reactor, Marauder  
  123  10:23  Marine x2  
  125  10:34  Marine  
  124  10:42  Marauder  
  95  11:15  Viking x2  
  98  11:19  Missile Turret  
  98  11:29  Marine  
  99  11:34  Marine  
  99  11:35  Marine x4, Marauder  
  99  11:38  SCV x3  
  109  11:50  SCV x2  
  109  11:51  SCV  
  109  11:54  Terran Infantry Weapons Level 2, Terran Infantry Armor Level 2  
  112  12:02  SCV  
  112  12:03  SCV x2  
  114  12:14  Viking x2, SCV  
  114  12:15  SCV x2  
  119  12:18  Siege Tank  
  119  12:21  Marauder, Marine  
  125  12:25  Missile Turret  
  125  12:27  Marine  
  125  12:28  SCV  
  125  12:29  Factory Tech Lab, Supply Depot x2  
  127  12:42  Marine  
  127  12:43  Marauder, Marine x3  
  131  12:48  Marine  
  131  12:49  Marine  
  131  12:50  Siege Tank x2  
  139  12:53  Viking  
  139  12:56  Marine x2  
  139  12:58  Starport  
  143  13:00  Viking  
  143  13:04  SCV x2, Marauder  
  149  13:07  Refinery  
  149  13:10  Refinery  
  149  13:40  Supply Depot  
  149  13:41  Supply Depot  
  161  14:02  SCV  
Show
View Real Time Build Order
Export as new Build Order

Nickos Terran 

Build Orders: Reaper Expand 

Get SALT Encoding   

  12  0:00  SCV  
  13  0:13  SCV  
  14  0:17  Supply Depot  
  14  0:25  SCV  
  15  0:39  Barracks, SCV  
  16  0:51  SCV  
  16  0:54  Refinery  
  17  1:03  SCV  
  18  1:16  SCV  
  19  1:29  Orbital Command  
  19  1:37  Reaper  
  20  1:40  Command Center  
  20  1:54  Barracks  
  20  2:02  SCV  
  20  2:03  Supply Depot  
  21  2:15  Barracks Reactor  
  21  2:31  SCV  
  22  2:41  Barracks Tech Lab  
  22  2:43  SCV  
  23  2:46  Factory  
  23  2:53  Marine x2  
  23  2:55  SCV  
  23  2:57  Refinery  
  25  3:06  Bunker  
  25  3:13  Marine x3  
  28  3:31  SCV, Marine x3  
  28  3:32  Widow Mine  
  34  3:42  Bunker  
  34  3:49  Marine x3  
  36  4:14  Barracks  
  36  4:15  Marine  
  36  4:16  Marine x2  
  39  4:28  Widow Mine  
  39  4:30  SCV  
  42  5:00  Marine x2  
  42  5:01  Barracks Tech Lab  
  42  5:02  Command Center  
  42  5:03  Factory Tech Lab  
  43  5:29  Marine x2  
  43  5:31  Orbital Command  
  45  5:37  Marine  
  45  5:41  Siege Tank  
  44  5:46  SCV  
  44  5:47  Marine  
  45  5:55  Barracks, Marine  
  45  5:56  Orbital Command, Barracks  
  46  6:06  Starport  
  46  6:11  Barracks Reactor  
  46  6:22  SCV  
  45  6:29  Marine  
  46  6:52  Starport Reactor  
  46  7:06  Barracks Tech Lab  
  46  7:18  Supply Depot  
  46  7:19  Supply Depot  
  46  7:21  SCV, Marine x3  
  46  7:22  Marauder  
  52  7:33  Marine  
  53  7:38  Refinery  
  53  7:39  Marine x3  
  53  7:42  Marine  
  53  7:43  SCV  
  53  7:44  SCV  
  59  7:55  SCV  
  60  8:04  SCV  
  61  8:08  Supply Depot x2, SCV  
  61  8:12  Marauder  
  66  8:13  Engineering Bay  
  66  8:14  Engineering Bay  
  66  8:16  SCV  
  67  8:20  SCV  
  66  8:28  SCV, Marauder  
  66  8:29  Siege Tank  
  66  8:30  Medivac  
  66  8:32  SCV, Marine x3  
  66  8:33  Marine  
  79  8:37  Stimpack  
  79  8:40  SCV  
  80  8:43  Supply Depot  
  80  8:44  SCV  
  80  8:46  Barracks Reactor  
  80  8:47  Supply Depot  
  81  8:49  Marine x2  
  81  8:50  Marine  
  81  8:52  SCV  
  81  8:53  Barracks Reactor  
  81  8:54  Marauder  
  87  8:56  SCV  
  88  9:06  Marine  
  88  9:07  Marine  
  90  9:18  Siege Tank  
  93  9:31  Liberator  
  93  9:37  Marine x2  
  93  9:38  Marine x4  
  97  9:39  Marauder x2  
  97  9:45  SCV x2  
  105  9:48  Command Center  
  108  9:54  Supply Depot  
  108  9:55  Supply Depot, Marine  
  108  9:57  Supply Depot, SCV  
  110  10:16  Marauder x2, SCV x2  
  115  10:38  Marauder x2  
  109  10:48  Liberator x2  
  85  10:50  Marine x4  
  80  10:59  Marauder x2  
  80  11:08  Marine x3  
  83  11:20  Marauder, Marine x2  
  87  11:25  Marine  
  87  11:26  Marine x2  
  87  11:30  SCV x2  
  89  11:37  Marine  
  89  11:38  Marine  
  89  11:42  SCV, Marauder  
  92  11:48  Medivac x2  
  94  11:55  Orbital Command  
  94  11:56  Orbital Command, Marauder  
  94  11:58  Marine x4  
  94  11:59  Barracks  
  99  12:03  Marauder  
  100  12:16  Marine x4  
  100  12:18  Marauder  
  106  12:25  Marauder  
  108  12:32  Orbital Command  
  108  12:33  Marine  
  108  12:34  Orbital Command, Marine x2  
  110  12:39  Marauder  
  110  12:42  Marine  
  109  12:45  Marine  
  110  12:51  Marine x2  
  110  12:52  Marine  
  113  12:59  Marine  
  113  13:00  Marine  
  113  13:04  Marauder  
  117  13:09  Marine x2  
  117  13:11  Barracks, Marine  
  120  13:13  Barracks  
  120  13:17  Marine  
  120  13:18  Marauder  
  123  13:24  SCV x2  
  123  13:25  Marine  
  126  13:27  Marine x2  
  126  13:28  Marine  
  126  13:30  Medivac  
  131  13:35  Marine  
  131  13:39  Marine  
  133  13:42  SCV x2  
  133  13:44  Marauder  
  137  13:50  Supply Depot  
  137  13:52  Supply Depot  
  137  13:55  Marine x3  
Tags
 
Composition
MMM Bio
League
GoldGold
Matchup
TvT
Race
Terran
Replay Pack
Nickos replay
Add a new tag
Caveats
  • Supply blocks, unpowered buildings, or Contaminate may cause inaccurate times.
  • Supply counts are checked every 10 seconds.